[Event "Titled Tuesday Blitz June 27 Late 2023"]
[White "Makarian, Rudik"]
[Black "Vovk, Orest"]
[WhiteFideId "44105681"]
[BlackFideId "14113490"]
[WhiteElo "2955"]
[BlackElo "2495"]
[Result "1-0"]
[Round "1"]
[TimeControl "180+2"]
[Date "2023.06.27"]
[WhiteClock "0:02:15"]
[BlackClock "0:00:00"]
[Board "25"]

1. Nf3 h6 2. h4 Nf6 3. d4 d6 4. g3 Bg4 5. Bg2 Nc6 6. d5 Ne5 7. Nxe5 dxe5 8. c3 g6 9. c4 Bg7 10. Nc3 O-O 11. O-O Qd7 12. Qb3 Rab8 13. Be3 b6 14. a4 Bh3 15. Rfd1 Bxg2 16. Kxg2 Ng4 17. Nb5 a6 18. Na7 f5 19. f3 Nxe3+ 20. Qxe3 e4 21. Nc6 Rbe8 22. fxe4 f4 23. gxf4 Qg4+ 24. Qg3 Rxf4 25. Qxg4 Rxg4+ 26. Kf3 Rxh4 27. Rh1 Rxh1 28. Rxh1 h5 29. e5 Bf8 30. Ke4 Kg7 31. e6 Kh6 32. Rf1 Bg7 33. b4 Bf6 34. c5 bxc5 35. bxc5 g5 36. Rxf6+ exf6 37. Kf5 h4 38. d6 cxd6 39. cxd6 h3 40. d7 Rh8 41. e7 h2 42. e8=Q 1-0


[Site "https://www.chess.com"]

[Event "Titled Tuesday Blitz June 27 Late 2023"]
[White "Osmak, Yuliia"]
[Black "Indjic, Aleksandar"]
[WhiteFideId "14101602"]
[BlackFideId "911925"]
[WhiteElo "2494"]
[BlackElo "2950"]
[Result "0-1"]
[Round "1"]
[TimeControl "180+2"]
[Date "2023.06.27"]
[WhiteClock "0:01:20"]
[BlackClock "0:02:12"]
[Board "26"]

1. d4 Nf6 2. c4 e6 3. Nc3 c5 4. d5 exd5 5. cxd5 d6 6. e4 g6 7. f4 Bg7 8. Bb5+ Nfd7 9. Nf3 a6 10. Bd3 b5 11. O-O O-O 12. Kh1 Re8 13. f5 Ne5 14. Bg5 Bf6 15. h4 Nbd7 16. Qd2 Bxg5 17. Nxg5 c4 18. Bc2 Nc5 19. f6 Ra7 20. Nh3 Ng4 21. Qf4 Re5 22. Bd1 Nd3 23. Qe3 Nxe3 0-1


[Site "https://www.chess.com"]

[Event "Titled Tuesday Blitz June 27 Late 2023"]
[White "LAPLATINUM"]
[Black "Koc, Przemyslaw"]
[BlackFideId "1109081"]
[WhiteElo "2945"]
[BlackElo "2491"]
[Result "0-1"]
[Round "1"]
[TimeControl "180+2"]
[Date "2023.06.27"]
[WhiteClock "0:00:37"]
[BlackClock "0:00:16"]
[Board "27"]

1. e4 e5 2. Nc3 Nf6 3. Nf3 d6 4. d4 Nbd7 5. dxe5 dxe5 6. Bd3 Bb4 7. O-O O-O 8. Bd2 c6 9. a3 Be7 10. b4 Qc7 11. g3 Rd8 12. Kg2 Nf8 13. Be2 Ne6 14. Bd3 Nd4 15. Nxd4 exd4 16. Ne2 b6 17. Bf4 Bd6 18. Bg5 Be7 19. Bf4 Bd6 20. Bxd6 Qxd6 21. Rb1 c5 22. Nf4 Bb7 23. Re1 Re8 24. f3 Rac8 25. Bb5 Re7 26. Qe2 Nd7 27. Bxd7 Qxd7 28. b5 f5 29. e5 Rce8 30. e6 Qd6 31. h4 Bd5 32. Qe5 Qxe5 33. Rxe5 Bxe6 34. Rbe1 Kf7 35. Kf2 g6 36. h5 Bc4 37. hxg6+ hxg6 38. Nxg6 Re6 39. Rxe6 Rxe6 40. Ne5+ Rxe5 41. Rxe5 Kf6 42. Re8 Bxb5 43. Ra8 Ba4 44. Rxa7 Bxc2 45. Ra6 Ke5 46. Rxb6 Kd5 47. Ke2 c4 48. Rb5+ Kc6 49. Rb4 Kc5 50. Kd2 Bd3 51. Rb8 Bf1 52. Rf8 c3+ 53. Kc2 Kc4 54. Rb8 d3+ 55. Kb1 d2 56. Kc2 Bd3+ 57. Kd1 Kd4 58. g4 f4 59. Rb3 Bc4 60. Rb4 Kd3 61. Rxc4 Kxc4 62. Kc2 Kd4 63. g5 Ke3 64. a4 Ke2 65. a5 d1=Q+ 66. Kxc3 Qa4 67. a6 Qxa6 68. Kd4 Qg6 69. Kd5 Qxg5+ 70. Ke4 Kf2 71. Kd3 Kxf3 72. Kc4 Ke3 73. Kb4 f3 74. Kc3 f2 75. Kc2 f1=Q 76. Kc3 Qc1+ 77. Kb4 Qf4+ 0-1


[Site "https://www.chess.com"]

[Event "Titled Tuesday Blitz June 27 Late 2023"]
[White "Yeritsyan, Hayk"]
[Black "Rasulov, Vugar"]
[WhiteFideId "13307320"]
[BlackFideId "13402390"]
[WhiteElo "2489"]
[BlackElo "2939"]
[Result "0-1"]
[Round "1"]
[TimeControl "180+2"]
[Date "2023.06.27"]
[WhiteClock "0:00:18"]
[BlackClock "0:02:01"]
[Board "28"]

1. d4 Nf6 2. Nf3 d5 3. e3 c5 4. Bd3 Nc6 5. c3 cxd4 6. exd4 Bg4 7. Bf4 e6 8. Nbd2 Bd6 9. Bxd6 Qxd6 10. O-O O-O 11. Qe1 Bh5 12. Ne5 Bg6 13. Nxg6 hxg6 14. Nf3 Nd7 15. Qe2 e5 16. dxe5 Ndxe5 17. Nxe5 Nxe5 18. Rfe1 Rfe8 19. h3 Re6 20. Qd2 d4 21. Rad1 Rd8 22. c4 b6 23. b3 a5 24. Re4 Nc6 25. Rde1 Rxe4 26. Bxe4 Qb4 27. Qxb4 Nxb4 28. a3 Na6 29. Bd5 Nc5 30. b4 axb4 31. axb4 Nd3 32. Rd1 Nxb4 33. Rxd4 Kf8 34. g3 b5 35. Rf4 Nxd5 36. cxd5 Rxd5 37. Rb4 Ke7 38. Rb2 Kd6 39. Ra2 b4 40. Ra8 Rb5 41. Ra1 b3 42. Rb1 b2 43. Kf1 Kc5 44. Ke2 Kc4 45. Kd2 Kb3 0-1


[Site "https://www.chess.com"]

[Event "Titled Tuesday Blitz June 27 Late 2023"]
[White "Sjugirov, Sanan"]
[Black "Mackster23"]
[WhiteFideId "4189302"]
[WhiteElo "2937"]
[BlackElo "2489"]
[Result "1-0"]
[Round "1"]
[TimeControl "180+2"]
[Date "2023.06.27"]
[WhiteClock "0:01:25"]
[BlackClock "0:00:05"]
[Board "29"]

1. d4 d5 2. c4 c6 3. Nf3 Nf6 4. e3 Bg4 5. Qb3 Qc7 6. Nc3 Bxf3 7. gxf3 e6 8. e4 dxc4 9. Bxc4 Nbd7 10. Be3 Nb6 11. Be2 Be7 12. O-O-O O-O-O 13. Kb1 Kb8 14. Rc1 Ka8 15. d5 exd5 16. Nb5 Qb8 17. Bxb6 cxb5 18. Bc7 Qc8 19. Bxd8 Qxd8 20. Rhd1 a6 21. e5 Nh5 22. Rxd5 Qb6 23. Rd7 Bg5 24. f4 Nxf4 25. Bf3 Ne6 26. Rxb7 Qxb7 27. Bxb7+ Kxb7 28. Qf3+ 1-0


[Site "https://www.chess.com"]

[Event "Titled Tuesday Blitz June 27 Late 2023"]
[White "Kisic, Bozidar"]
[Black "Rodrigue-Lemieux, Shawn"]
[WhiteFideId "16500350"]
[BlackFideId "2620049"]
[WhiteElo "2489"]
[BlackElo "2936"]
[Result "0-1"]
[Round "1"]
[TimeControl "180+2"]
[Date "2023.06.27"]
[WhiteClock "0:01:10"]
[BlackClock "0:01:35"]
[Board "30"]

1. d4 Nf6 2. Bg5 g6 3. Bxf6 exf6 4. e3 Bg7 5. g3 O-O 6. Bg2 d6 7. Ne2 f5 8. O-O h5 9. Nd2 h4 10. Nf4 Nd7 11. c3 Nf6 12. e4 fxe4 13. Nxe4 Nxe4 14. Bxe4 Re8 15. Re1 hxg3 16. hxg3 c6 17. Qb3 d5 18. Bg2 Re7 19. Nd3 Bf5 20. Rxe7 Qxe7 21. Re1 Qc7 22. Qd1 Bf6 23. Nf4 Kg7 24. Bf1 Rh8 25. Bd3 Qd7 26. Bxf5 Qxf5 27. Qd3 Qg4 28. Qe2 Qg5 29. Qf3 Qh6 30. Qg2 g5 31. Nd3 Qg6 32. Qf3 g4 33. Qd1 Qh5 34. Kf1 Bg5 35. Re5 Qh1+ 36. Ke2 Qf3+ 0-1


[Site "https://www.chess.com"]

[Event "Titled Tuesday Blitz June 27 Late 2023"]
[White "Makhnev, Denis"]
[Black "Uzcategui Rodriguez, Alejandro"]
[WhiteFideId "13707647"]
[BlackFideId "3903400"]
[WhiteElo "2933"]
[BlackElo "2488"]
[Result "0-1"]
[Round "1"]
[TimeControl "180+2"]
[Date "2023.06.27"]
[WhiteClock "0:00:00"]
[BlackClock "0:00:23"]
[Board "31"]

1. d4 Nf6 2. c4 d6 3. Nf3 Nbd7 4. g3 e5 5. Bg2 Be7 6. Nc3 O-O 7. O-O c6 8. e4 a6 9. a4 a5 10. h3 Re8 11. Be3 Bf8 12. Qc2 Qc7 13. Rfe1 exd4 14. Nxd4 Nc5 15. Rad1 Na6 16. f4 Nb4 17. Qf2 Nd7 18. Nb3 b6 19. g4 Ba6 20. Bf1 Rad8 21. g5 g6 22. h4 Bg7 23. Bd4 Bxd4 24. Nxd4 Nc5 25. Re3 Bb7 26. Bg2 Qc8 27. Qg3 d5 28. cxd5 cxd5 29. e5 Ne4 30. Qe1 Qg4 31. Rf3 Nc6 32. Kh2 Nxd4 33. Rxd4 Nc5 34. f5 Qxd4 35. e6 Ne4 36. exf7+ Kxf7 37. fxg6+ Kxg6 38. h5+ Kg7 39. h6+ Kg8 40. Nxe4 dxe4 41. Rf6 Qe5+ 42. Kh1 Qxg5 43. Rxb6 Rd2 44. Bh3 Bd5 45. Rb5 e3+ 46. Rxd5 Qxd5+ 47. Kg1 Qg5+ 48. Kh1 Red8 49. Be6+ Kh8 0-1


[Site "https://www.chess.com"]

[Event "Titled Tuesday Blitz June 27 Late 2023"]
[White "Rengifo Blancas, Renzo Jhonathan"]
[Black "Xiong, Jeffery"]
[WhiteFideId "3807185"]
[BlackFideId "2047640"]
[WhiteElo "2488"]
[BlackElo "2933"]
[Result "1/2-1/2"]
[Round "1"]
[TimeControl "180+2"]
[Date "2023.06.27"]
[WhiteClock "0:00:37"]
[BlackClock "0:01:23"]
[Board "32"]

1. e4 c6 2. d4 d5 3. Nc3 dxe4 4. Nxe4 Nf6 5. Nxf6+ exf6 6. c3 Bd6 7. Bd3 O-O 8. Qc2 Re8+ 9. Be3 h5 10. Ne2 Nd7 11. h3 Nb6 12. O-O-O Nd5 13. Bd2 b5 14. Rde1 a5 15. Kb1 a4 16. Nc1 Be6 17. Bf5 Bxf5 18. Qxf5 g6 19. Qf3 Qd7 20. Nd3 Rxe1+ 21. Rxe1 Re8 22. Re2 Re6 23. a3 Qe7 24. Rxe6 Qxe6 25. Kc2 Kf8 26. Kd1 Ke7 27. Qe2 g5 28. Nc1 Nb6 29. Qxh5 Nc4 30. Nd3 Qf5 31. Qe2+ Kd7 32. Qg4 1/2-1/2


[Site "https://www.chess.com"]

[Event "Titled Tuesday Blitz June 27 Late 2023"]
[White "Tari, Aryan"]
[Black "Czerw, Dawid"]
[WhiteFideId "1510045"]
[BlackFideId "1145746"]
[WhiteElo "2932"]
[BlackElo "2484"]
[Result "0-1"]
[Round "1"]
[TimeControl "180+2"]
[Date "2023.06.27"]
[WhiteClock "0:00:00"]
[BlackClock "0:00:11"]
[Board "33"]

1. e4 c5 2. Nc3 Nc6 3. f4 g6 4. Nf3 Bg7 5. Bb5 Nd4 6. Bd3 d6 7. O-O Bg4 8. Be2 Nxe2+ 9. Qxe2 e6 10. Qb5+ Qd7 11. Qxd7+ Kxd7 12. Ng5 Bd4+ 13. Kh1 Ke7 14. Nb5 Be2 15. Nxd4 Bxf1 16. Ndf3 Be2 17. Ng1 Bb5 18. d3 Nf6 19. Bd2 h6 20. N5f3 Nd7 21. Bc3 Rhg8 22. Nh3 Bc6 23. Re1 f5 24. exf5 gxf5 25. Nh4 Kf7 26. Nf2 Nf6 27. h3 Rg7 28. Kh2 h5 29. g3 Rag8 30. Rg1 Rh7 31. Nd1 d5 32. Nf3 Rhg7 33. Bxf6 Kxf6 34. h4 d4 35. Ne5 Bd5 36. b3 b5 37. Nf2 a5 38. Nh3 Ra7 39. Ng5 a4 40. Re1 axb3 41. axb3 Ra2 42. Nd7+ Ke7 43. Nb6 Kd6 44. Nxd5 Kxd5 45. Re5+ Kd6 46. Rxe6+ Kc7 47. Re2 Rga8 48. Nf7 Rb2 49. Re7+ Kc6 50. Re6+ Kd7 51. Rh6 Rxc2+ 52. Kh3 Raa2 53. Ne5+ Kc7 54. Rh7+ Kb6 55. Rh6+ Kb7 56. Rh7+ Kc8 57. Rh8+ Kc7 58. Rh7+ Kd6 59. Rh6+ Ke7 60. Rh7+ Kf8 61. Nd7+ Ke8 62. Nf6+ Kd8 0-1


[Site "https://www.chess.com"]

[Event "Titled Tuesday Blitz June 27 Late 2023"]
[White "Koutsin, Sergey"]
[Black "Durarbayli, Vasif"]
[WhiteFideId "14101483"]
[BlackFideId "13402935"]
[WhiteElo "2483"]
[BlackElo "2930"]
[Result "1-0"]
[Round "1"]
[TimeControl "180+2"]
[Date "2023.06.27"]
[WhiteClock "0:00:06"]
[BlackClock "0:00:00"]
[Board "34"]

1. d4 Nf6 2. c4 e6 3. Nf3 b6 4. a3 Bb7 5. Nc3 d5 6. Bg5 Be7 7. e3 Nbd7 8. Rc1 O-O 9. cxd5 exd5 10. Be2 c5 11. O-O Re8 12. Bh4 Ne4 13. Bxe7 Qxe7 14. Bb5 Red8 15. Qe2 Nf8 16. Rfd1 a6 17. Ba4 Ne6 18. Bb3 Nxc3 19. Rxc3 c4 20. Ba2 b5 21. Bb1 a5 22. Ne5 b4 23. axb4 axb4 24. Rcc1 f6 25. Nf3 Rac8 26. Qe1 Nf8 27. h3 Re8 28. Bf5 Rcd8 29. Bb1 Qd6 30. Nh2 Ne6 31. Qe2 Ng5 32. Qg4 Bc8 33. Qe2 Ne4 34. Qe1 Bf5 35. f3 Ng3 36. Nf1 Nxf1 37. Kxf1 Bxb1 38. Rxb1 Re6 39. Kf2 Rde8 40. Rd2 Rxe3 41. Qxe3 Rxe3 42. Kxe3 b3 43. Rc1 Qg3 44. Rc3 Qg5+ 45. f4 Qg3+ 46. Ke2 Qxg2+ 47. Ke3 Qg3+ 48. Ke2 Qg2+ 49. Ke3 Qxh3+ 50. Ke2 Qg2+ 51. Ke3 h5 52. Rxg2 Kf7 53. Kf3 g6 54. Re3 1-0


[Site "https://www.chess.com"]

[Event "Titled Tuesday Blitz June 27 Late 2023"]
[White "Antipov, Mikhail Al."]
[Black "Urbina Perez, Juan Antonio"]
[WhiteFideId "4107012"]
[BlackFideId "2217368"]
[WhiteElo "2924"]
[BlackElo "2483"]
[Result "1-0"]
[Round "1"]
[TimeControl "180+2"]
[Date "2023.06.27"]
[WhiteClock "0:00:10"]
[BlackClock "0:00:11"]
[Board "35"]

1. e4 e5 2. Nf3 Nc6 3. Nc3 Nf6 4. Bb5 Bb4 5. Nd5 Bd6 6. O-O O-O 7. d4 Nxd5 8. exd5 Nxd4 9. Nxd4 exd4 10. Qxd4 c5 11. Qc3 a6 12. Bd3 b5 13. b3 Qh4 14. g3 Qg4 15. Bb2 b4 16. Qd2 Re8 17. h3 Qh5 18. Kg2 Bb7 19. f3 Qxd5 20. Rad1 Be5 21. Qg5 f6 22. Bxh7+ Kf8 23. Rxd5 fxg5 24. Rxe5 Rxe5 25. Bxe5 Re8 26. Re1 Kf7 27. Kf2 g6 28. h4 gxh4 29. gxh4 Bd5 30. f4 Be6 31. h5 gxh5 32. Rg1 Bg4 33. Bd3 Ke6 34. Bxa6 d6 35. Bb2 d5 36. Re1+ Kd7 37. Bb5+ Kc7 38. Rxe8 1-0


[Site "https://www.chess.com"]

[Event "Titled Tuesday Blitz June 27 Late 2023"]
[White "Miszler, Levente"]
[Black "Muradli, Mahammad"]
[WhiteFideId "763276"]
[BlackFideId "13409301"]
[WhiteElo "2482"]
[BlackElo "2918"]
[Result "0-1"]
[Round "1"]
[TimeControl "180+2"]
[Date "2023.06.27"]
[WhiteClock "0:01:58"]
[BlackClock "0:02:01"]
[Board "36"]

1. Nf3 c5 2. e4 b6 3. d4 cxd4 4. Nxd4 Bb7 5. Nc3 e6 6. a3 a6 7. Be3 d6 8. Be2 Nd7 9. O-O Ngf6 10. f3 Be7 11. Qd2 O-O 12. Rad1 Rc8 13. Kh1 Qc7 14. Bf2 Rfd8 15. Bg3 Ne5 16. h3 b5 17. f4 Nc4 18. Bxc4 Qxc4 19. Rfe1 b4 20. axb4 Qxb4 21. f5 e5 22. Nd5 Nxd5 23. exd5 Qxd2 24. Rxd2 Bg5 0-1


[Site "https://www.chess.com"]

[Event "Titled Tuesday Blitz June 27 Late 2023"]
[White "Suleymanli, Aydin"]
[Black "Baches Garcia, Guillermo"]
[WhiteFideId "13413937"]
[BlackFideId "2209764"]
[WhiteElo "2910"]
[BlackElo "2482"]
[Result "1-0"]
[Round "1"]
[TimeControl "180+2"]
[Date "2023.06.27"]
[WhiteClock "0:00:03"]
[BlackClock "0:00:00"]
[Board "37"]

1. e4 d5 2. exd5 Qxd5 3. Nc3 Qa5 4. Nf3 Nf6 5. h3 c6 6. Bc4 Bf5 7. O-O e6 8. Nh4 Bg6 9. Nxg6 hxg6 10. d3 Nbd7 11. Re1 Bd6 12. Bd2 Qc7 13. d4 O-O-O 14. a4 Nb6 15. Bd3 Bh2+ 16. Kh1 Bf4 17. a5 Nbd5 18. Kg1 Bh2+ 19. Kh1 Bf4 20. Kg1 Bh2+ 21. Kf1 Bf4 22. Ne2 g5 23. Ng1 g4 24. hxg4 Rh1 25. g3 Bxg3 26. Qf3 Rxg1+ 27. Kxg1 Bh2+ 28. Kf1 Rh8 29. g5 Nh5 30. g6 fxg6 31. Rxe6 Nhf4 32. Rae1 Nxd3 33. cxd3 Bf4 34. Re8+ 1-0


[Site "https://www.chess.com"]

[Event "Titled Tuesday Blitz June 27 Late 2023"]
[White "Zavortink, Matt"]
[Black "Ter-Sahakyan, Samvel"]
[WhiteFideId "2034263"]
[BlackFideId "13302531"]
[WhiteElo "2481"]
[BlackElo "2910"]
[Result "1/2-1/2"]
[Round "1"]
[TimeControl "180+2"]
[Date "2023.06.27"]
[WhiteClock "0:00:09"]
[BlackClock "0:00:03"]
[Board "38"]

1. Nf3 d5 2. g3 b6 3. Bg2 Bb7 4. O-O e6 5. c4 dxc4 6. Qa4+ Nd7 7. Qxc4 Ngf6 8. Nc3 c5 9. d4 Rc8 10. Rd1 Be7 11. dxc5 Bxc5 12. Qa4 Bc6 13. Qc2 O-O 14. Bg5 Qe7 15. Rac1 h6 16. Bxf6 Nxf6 17. Ne5 Bxg2 18. Kxg2 Qb7+ 19. Kg1 Rfd8 20. Rxd8+ Rxd8 21. Nd3 Bf8 22. Nb5 a6 23. Qc7 Qa8 24. Na3 Qb8 25. Qxb8 Rxb8 26. Nc4 Nd7 27. Nce5 Nc5 28. Nxc5 bxc5 29. b3 f6 30. Nd7 Rb5 31. Nxf8 Kxf8 32. Kf1 Ke7 33. e3 Kd6 34. Ke2 g5 35. f4 Rb8 36. Rd1+ Kc6 37. Kf3 a5 38. h4 gxh4 39. gxh4 a4 40. Rd3 Ra8 41. Kg4 Rg8+ 42. Kh5 a3 43. Rc3 Kb5 44. Kxh6 Rg2 45. h5 Rxa2 46. Kg7 Rg2+ 47. Kxf6 a2 48. Rc1 Kb4 49. h6 Kxb3 50. h7 Rh2 51. Kg7 Kb2 52. Rg1 a1=Q 53. Rxa1 Kxa1 54. h8=Q Rxh8 55. Kxh8 c4 56. e4 c3 57. f5 exf5 58. exf5 c2 59. f6 c1=Q 60. f7 Qh6+ 61. Kg8 Qg6+ 62. Kh8 Qf6+ 63. Kg8 Qe6 64. Kh8 Qe7 65. Kg8 Qg5+ 66. Kh8 Qh5+ 67. Kg8 Qg6+ 68. Kh8 Qxf7 1/2-1/2


[Site "https://www.chess.com"]

[Event "Titled Tuesday Blitz June 27 Late 2023"]
[White "Zhigalko, Sergei"]
[Black "marik_spb"]
[WhiteFideId "13502956"]
[WhiteElo "2900"]
[BlackElo "2481"]
[Result "1-0"]
[Round "1"]
[TimeControl "180+2"]
[Date "2023.06.27"]
[WhiteClock "0:00:20"]
[BlackClock "0:00:00"]
[Board "39"]

1. e4 c6 2. d4 d5 3. e5 Bf5 4. Nf3 e6 5. Be2 Nd7 6. O-O a6 7. Nbd2 h6 8. c4 Ne7 9. a4 g5 10. a5 dxc4 11. Nxc4 Nd5 12. Ne1 Rc8 13. Bd3 Bxd3 14. Nxd3 c5 15. b3 cxd4 16. Bb2 b5 17. axb6 N7xb6 18. Rxa6 Be7 19. Nd6+ Bxd6 20. exd6 Qxd6 21. Bxd4 O-O 22. Ne5 Ra8 23. Nc4 Nxc4 24. Rxd6 Nxd6 25. h4 Nf5 26. hxg5 hxg5 27. Qh5 f6 28. Qg6+ Ng7 29. g3 Rad8 30. Ra1 Rf7 31. Bc5 Rc7 32. b4 Rcd7 33. Ra6 Re8 34. b5 Rb7 35. b6 e5 36. Ra7 Rxa7 37. bxa7 e4 38. Qxe8+ Nxe8 39. a8=Q Nc7 40. Qxe4 Kf7 41. Qe7+ Kg6 42. Bd6 Nb5 43. Qxe8+ 1-0


[Site "https://www.chess.com"]

[Event "Titled Tuesday Blitz June 27 Late 2023"]
[White "Toniutti, Ezio"]
[Black "Dardha, Daniel"]
[WhiteFideId "113034"]
[BlackFideId "240990"]
[WhiteElo "2479"]
[BlackElo "2896"]
[Result "0-1"]
[Round "1"]
[TimeControl "180+2"]
[Date "2023.06.27"]
[WhiteClock "0:00:00"]
[BlackClock "0:00:03"]
[Board "40"]

1. d4 Nf6 2. c4 c6 3. Nc3 d5 4. e3 Bf5 5. cxd5 cxd5 6. Qb3 Bc8 7. Nf3 Nc6 8. Ne5 e6 9. f4 Bd6 10. Bd3 O-O 11. O-O Bd7 12. Bd2 Rb8 13. Rac1 a6 14. Qd1 Qe7 15. Qf3 Rfc8 16. Qh3 g6 17. g4 Be8 18. g5 Nd7 19. Ng4 b5 20. Qh4 h5 21. Nf6+ Nxf6 22. gxf6 Qf8 23. Kh1 Nb4 24. Bb1 a5 25. Rg1 Kh8 26. Ne2 Rxc1 27. Rxc1 Bd7 28. Ng1 Rc8 29. Rf1 Nc2 30. Nf3 Bb4 31. Bc1 Ne1 32. Rxe1 Bxe1 33. Qxe1 Qd8 34. Bd2 b4 35. Ne5 Be8 36. Bd3 Qxf6 37. Qd1 Kg7 38. Qe2 Qh4 39. Kg2 Ba4 40. b3 Be8 41. h3 Qd8 42. Nf3 a4 43. Ne5 axb3 44. axb3 Qa5 45. Be1 Qa3 46. Qd2 Qxb3 47. Qxb4 Qxb4 48. Bxb4 Rb8 49. Bc5 Rb2+ 50. Kf3 Bb5 51. Bxb5 Rxb5 52. Nd7 Rb2 53. Be7 f5 54. Bf6+ Kf7 55. Bg5 Rb7 56. Ne5+ Kg7 57. Bh4 Rb1 58. Bg5 Rh1 59. Kg2 Ra1 60. Kf3 Ra2 61. h4 Ra1 62. Nd3 Ra3 63. Ne5 Ra6 64. Nd3 Ra3 65. Nc5 Kf7 66. Ke2 Ra2+ 67. Kf3 Rc2 68. Nd3 Ra2 69. Ne5+ Kg7 70. Nd7 Ra7 71. Ne5 Ra1 72. Nd7 Kg8 73. Bf6 Ra7 74. Ne5 Kh7 75. Bg5 Ra3 76. Bf6 Kg8 77. Be7 Ra7 78. Bg5 Kg7 79. Nc6 Ra1 80. Ne5 Ra6 81. Be7 Ra7 82. Bg5 Kh7 83. Bf6 Ra8 84. Bg5 Rg8 85. Nd7 Kg7 86. Ne5 Kf8 87. Nd7+ Kf7 88. Ne5+ Kg7 89. Nd7 Rc8 90. Ne5 Rc3 91. Nd7 Rc7 92. Ne5 Rc1 93. Nd7 Rf1+ 94. Kg2 Ra1 95. Kf3 Rg1 96. Kf2 Rb1 97. Kf3 Kg8 98. Ne5 Rb7 99. Nxg6 Kg7 100. Ne5 Kf8 101. Nd3 Kf7 102. Ne5+ Ke8 103. Nd3 Rb3 104. Ne5 Ra3 105. Ng6 Ra7 106. Ne5 Rg7 107. Bf6 Rg1 108. Bg5 Ra1 109. Kg3 Ra2 110. Kf3 Ra3 111. Ng6 Kf7 112. Ne5+ Kg7 113. Nc6 Ra6 114. Ne5 Ra3 115. Nd7 Ra7 116. Nc5 Kf7 117. Nd3 Ra3 118. Ne1 Kg7 119. Kf2 Ra2+ 120. Kf3 Kf8 121. Nd3 Ke8 122. Nf2 Kd7 123. Nh1 Kc6 124. Ng3 Kb5 125. Nxh5 Kc4 126. Ng3 Kd3 127. h5 Kd2 128. h6 Ke1 129. Nh5 Kf1 130. Kg3 Kg1 131. Kf3 Rh2 0-1


[Site "https://www.chess.com"]

[Event "Titled Tuesday Blitz June 27 Late 2023"]
[White "Chigaev, Maksim"]
[Black "Smiechu"]
[WhiteFideId "4108116"]
[WhiteElo "2895"]
[BlackElo "2475"]
[Result "1-0"]
[Round "1"]
[TimeControl "180+2"]
[Date "2023.06.27"]
[WhiteClock "0:00:38"]
[BlackClock "0:00:08"]
[Board "41"]

1. e4 c5 2. Nf3 g6 3. c3 Bg7 4. d4 cxd4 5. cxd4 d5 6. e5 Nh6 7. h3 O-O 8. Nc3 Bf5 9. g4 Be4 10. Bg2 f6 11. O-O fxe5 12. Nxe4 dxe4 13. Nxe5 Nf7 14. Nxf7 Rxf7 15. Bxe4 Nc6 16. d5 Ne5 17. Qb3 Qd7 18. f4 Raf8 19. d6 Kh8 20. Bd5 Rf6 21. Qxb7 Qxd6 22. Be3 Nd7 23. Rad1 Nc5 24. Qxa7 Ne6 25. Bxe6 Qxe6 26. Bd4 Rxf4 27. Rxf4 Rxf4 28. Qb8+ Rf8 29. Qxf8+ Qg8 30. Bxg7# 1-0


[Site "https://www.chess.com"]

[Event "Titled Tuesday Blitz June 27 Late 2023"]
[White "Kovalevsky, Stanislav"]
[Black "Henriquez Villagra, Cristobal"]
[WhiteFideId "13508598"]
[BlackFideId "3409350"]
[WhiteElo "2475"]
[BlackElo "2891"]
[Result "0-1"]
[Round "1"]
[TimeControl "180+2"]
[Date "2023.06.27"]
[WhiteClock "0:01:18"]
[BlackClock "0:01:19"]
[Board "42"]

1. c4 d6 2. Nc3 e5 3. g3 f5 4. Bg2 Nf6 5. b4 g6 6. Bb2 Bg7 7. d4 O-O 8. dxe5 dxe5 9. Qxd8 Rxd8 10. Nd5 Nxd5 11. Bxd5+ Kf8 12. Nf3 c6 13. O-O-O cxd5 14. cxd5 e4 15. Ne5 Nd7 16. Nc4 Nb6 17. Nxb6 axb6 18. a3 Bd7 19. Bxg7+ Kxg7 20. Kb2 Rac8 21. Rc1 Kf6 22. f4 Bb5 23. Rxc8 Rxc8 24. e3 Bd3 25. a4 Ke7 26. Ra1 Kd6 27. a5 Ra8 28. Rc1 bxa5 29. bxa5 h5 30. Kb3 Rxa5 31. Rc8 Ra6 32. Rd8+ Kc5 33. Kc3 Rd6 34. Rb8 b5 35. Rg8 Kxd5 36. Kb4 Bc4 37. Rg7 Ra6 38. Rg8 Ra4+ 39. Kc3 b4+ 40. Kb2 Ra2+ 41. Kb1 Rxh2 42. Rxg6 Bd3+ 43. Kc1 Kc4 44. Rd6 Kc3 45. Rb6 Bc4 0-1


[Site "https://www.chess.com"]

[Event "Titled Tuesday Blitz June 27 Late 2023"]
[White "Rustemov, Alexander"]
[Black "whiteglovethief"]
[WhiteFideId "4119002"]
[WhiteElo "2889"]
[BlackElo "2475"]
[Result "1-0"]
[Round "1"]
[TimeControl "180+2"]
[Date "2023.06.27"]
[WhiteClock "0:00:38"]
[BlackClock "0:01:04"]
[Board "43"]

1. d4 Nf6 2. c4 g6 3. Nf3 Bg7 4. g3 d6 5. Bg2 O-O 6. Nc3 Nbd7 7. O-O e5 8. e4 c6 9. h3 Re8 10. Be3 a5 11. Qc2 Qc7 12. Rac1 exd4 13. Nxd4 Nc5 14. Rfe1 h5 15. f4 h4 16. g4 Nfd7 17. b3 Nb6 18. Bf2 a4 19. Red1 axb3 20. axb3 Qe7 21. Ra1 Rxa1 22. Rxa1 Ne6 23. Nxe6 Bxe6 24. Bxb6 c5 25. Rd1 Bxg4 26. hxg4 h3 27. Bf3 Qh4 28. Ne2 f5 29. gxf5 gxf5 30. Kh1 Qf2 31. Nd4 Bxd4 32. Qxf2 Bxf2 33. exf5 Re3 34. Bxb7 Rxb3 35. Bd5+ Kg7 36. Bd8 Bd4 37. Kh2 Rf3 38. f6+ 1-0


[Site "https://www.chess.com"]

[Event "Titled Tuesday Blitz June 27 Late 2023"]
[White "Haitin, Ilja"]
[Black "Ibarra Jerez, Jose Carlos"]
[WhiteFideId "4501764"]
[BlackFideId "2226332"]
[WhiteElo "2472"]
[BlackElo "2887"]
[Result "0-1"]
[Round "1"]
[TimeControl "180+2"]
[Date "2023.06.27"]
[WhiteClock "0:00:20"]
[BlackClock "0:01:39"]
[Board "44"]

1. d4 Nf6 2. c4 d6 3. Nc3 e5 4. Nf3 e4 5. Ng5 Qe7 6. g3 h6 7. Nh3 c6 8. Bg2 Bf5 9. b3 g6 10. Bb2 Bg7 11. Qd2 O-O 12. O-O-O a6 13. Nf4 g5 14. Nh3 b5 15. g4 Nxg4 16. f3 e3 17. Qe1 Nf6 18. f4 g4 19. Ng5 b4 20. Na4 hxg5 21. fxg5 Ne4 22. Qh4 Qxg5 23. Qxg5 Nxg5 24. Rhf1 Be4 25. Bxe4 Nxe4 26. Rf4 f5 27. h3 Nf2 28. Rg1 Nxh3 0-1


[Site "https://www.chess.com"]

[Event "Titled Tuesday Blitz June 27 Late 2023"]
[White "Hansen, Eric"]
[Black "Reprintsev, Alexander"]
[WhiteFideId "2606771"]
[BlackFideId "14100541"]
[WhiteElo "2884"]
[BlackElo "2471"]
[Result "1-0"]
[Round "1"]
[TimeControl "180+2"]
[Date "2023.06.27"]
[WhiteClock "0:00:59"]
[BlackClock "0:00:02"]
[Board "45"]

1. d4 d5 2. c4 e5 3. dxe5 d4 4. Nf3 Nc6 5. g3 Nge7 6. Bg2 Ng6 7. O-O Ngxe5 8. Nxe5 Nxe5 9. b3 c5 10. e3 Be7 11. Bb2 Bg4 12. f3 Bf5 13. e4 Bd7 14. h3 Nc6 15. f4 Qc8 16. Kh2 O-O 17. Nd2 a5 18. e5 a4 19. Ne4 f5 20. exf6 gxf6 21. Qh5 Be8 22. Qh6 Qf5 23. Qh4 a3 24. Bc1 d3 25. Be3 Nd4 26. Bxd4 cxd4 27. g4 Qa5 28. Ng3 b5 29. Nf5 Ra7 30. Rae1 Bb4 31. Rxe8 Rxe8 32. Qxf6 Bf8 33. Bd5+ 1-0


[Site "https://www.chess.com"]

[Event "Titled Tuesday Blitz June 27 Late 2023"]
[White "Kielinkei"]
[Black "Mikaelyan, Arman"]
[BlackFideId "13304852"]
[WhiteElo "2470"]
[BlackElo "2880"]
[Result "0-1"]
[Round "1"]
[TimeControl "180+2"]
[Date "2023.06.27"]
[WhiteClock "0:00:00"]
[BlackClock "0:00:15"]
[Board "46"]

1. d4 Nf6 2. c4 g6 3. Nc3 Bg7 4. e4 O-O 5. Be2 c5 6. d5 e6 7. Nf3 d6 8. O-O e5 9. Be3 Nbd7 10. Nd2 Kh8 11. f3 Ng8 12. a3 f5 13. b4 Bh6 14. Bxh6 Nxh6 15. Nb3 cxb4 16. axb4 Qb6+ 17. Kh1 Qxb4 18. Nb5 Nc5 19. Qd2 Qxd2 20. Nxd2 Nf7 21. Nc7 Rb8 22. Rxa7 Bd7 23. Rb1 fxe4 24. Nxe4 Bf5 25. Nxc5 Bxb1 26. Nd7 e4 27. Nxf8 Rxf8 28. Rxb7 Bd3 29. Rb2 Ne5 30. Ne6 Ra8 31. h3 e3 32. Bxd3 Nxd3 33. Re2 Ra3 34. Kh2 Ne5 35. c5 dxc5 36. d6 Nd7 37. Nf4 c4 38. Nd5 Rd3 39. Nxe3 c3 0-1


[Site "https://www.chess.com"]